 Dungeon Crawl Stone Soup version 0.30-a0-371-gad7725a93e (webtiles) character file.

Game seed: 10428091943055125375

38 Shayle the Chopper (level 3, -2/33 HPs)
             Began as a Naga Reaver on Nov 20, 2022.
             Killed by divine providence
             ... invoked by an orc priest
              (12 damage)
             ... on level 3 of the Dungeon.
             The game lasted 00:02:44 (1290 turns).

Shayle the Chopper (Naga Reaver)                    Turns: 1290, Time: 00:02:45

Health: -2/33      AC:  2    Str: 14    XL:     3   Next: 43%
Magic:  6/6        EV:  9    Int: 15    God:
Gold:   63         SH:  0    Dex:  9    Spells: 5/6 levels left

rFire   . . .      SeeInvis +    a - +0 hand axe
rCold   . . .      Faith    .    (no shield)
rNeg    . . .      Spirit   .    b - +0 leather armour
rPois   +          Reflect  .    (no helmet)
rElec   .          Harm     .    (no cloak)
rCorr   .          Rampage  .    (no gloves)
Will    .....                    (no barding)
Stlth   +.........               (no amulet)
HPRegen 0.25/turn                (no ring)
MPRegen 0.10/turn                (no ring)

@: very slow
A: AC +1, large, see invisible, deformed body, poison resistance, slowness 2,
spit poison 1, naga tail 1
a: Spit Poison


You were on level 3 of the Dungeon.
You visited 1 branch of the dungeon, and saw 3 of its levels.

You collected 63 gold pieces.

Inventory:

Hand Weapons
 a - a +0 hand axe (weapon)
Armour
 b - a +0 leather armour (worn)
Scrolls
 c - a scroll of teleportation {unknown}
 d - a scroll of identify {unknown}
 e - 2 scrolls of blinking {unknown}
 f - a scroll of butterflies {unknown}
 h - a scroll of immolation {unknown}
Potions
 g - a potion of heal wounds {unknown}


   Skills:
 + Level 2.6 Fighting
 + Level 3.5 Axes
 + Level 2.1 Dodging
 - Level 2.0 Spellcasting
 - Level 3.0 Conjurations


You had 5 spell levels left.
You knew the following spells:

 Your Spells              Type           Power      Damage    Failure   Level
a - Kiss of Death         Conj/Necr      24%        2d7       16%         1

Your spell library contained the following spells:

 Spells                   Type           Power      Damage    Failure   Level
 Momentum Strike          Conj/Tloc      12%        3d8       22%         2
 Hailstorm                Conj/Ice       6%         3d4       41%         3


Dungeon Overview and Level Annotations

Branches:
Dungeon (3/15)

Altars:

Shops:
D:2 (

Annotations:
D:2 Sigmund


Innate Abilities, Weirdness & Mutations

Your serpentine skin is tough. (AC +1)
You have supernaturally acute eyesight. (SInv)
Armour fits poorly on your strangely shaped body.
Your system is resistant to poisons. (rPois)
You cover ground very slowly.
You can spit poison.
You have a snake-like lower body.


Message History

The endoplasm quivers.
The dart slug launches a dart at you. The slug dart hits you.
Sigmund points at you and mumbles some strange words.
You resist with some effort.
Sigmund mumbles some strange words.
Sigmund flickers and vanishes for a moment.
Sigmund's eyes start glowing with a red light.
The goblin hits you but does no damage.
There is an escape hatch in the floor here.
You closely miss the goblin. The goblin hits you but does no damage.
The goblin barely misses you.
You slide downwards.
The hatch slams shut behind you.
The hobgoblin shouts!
The orc shouts!
The orc priest shouts! x2
The orc shouts!
Found 8 gold pieces.
You see here a puce potion.
Unknown command.
The goblin hits you but does no damage.
The orc priest calls down the wrath of Beogh upon you.
Beogh smites you! The orc closely misses you.
You hit the orc priest.
The orc priest is lightly wounded.
You hit the goblin.
You hit the orc priest but do no damage.
You barely miss the orc. You hit the hobgoblin.
The goblin hits you with a +0 club. The hobgoblin hits you.
The orc priest looks braver for a moment.
The orc priest hits you with a +0 falchion!
The orc hits you with a +0 club.
You hit the orc priest.
The orc priest is moderately wounded.
You hit the orc priest. You closely miss the orc. You hit the hobgoblin.
You hit the goblin.
You kill the goblin!
The hobgoblin hits you but does no damage.
The orc priest hits you with a +0 falchion.
The orc priest calls down the wrath of Beogh upon you.
Beogh smites you!
You die...

#############
#....o)....$#
#.###o@####.#
#go# #.o.
#.### #.. #..
... ..


You could see 2 orc priests, 2 orcs and a hobgoblin.

Vanquished Creatures
  An adder (D:2)
  An orc (D:2)
  An endoplasm (D:1)
  A giant cockroach (D:1)
  4 goblins
  3 hobgoblins
  5 kobolds (D:1)
  2 quokkas (D:1)
  3 ball pythons (D:1)
  A bat (D:1)
  3 frilled lizards (D:1)
  5 rats (D:1)
30 creatures vanquished.

Vanquished Creatures (others)
  5 toadstools (D:1)
5 creatures vanquished.

Grand Total: 35 creatures vanquished

Notes
Turn   | Place    | Note
-------+----------+-------------------------------------------
     0 | D:1      | Shayle the Naga Reaver began the quest for the Orb.
     0 | D:1      | Reached XP level 1. HP: 19/19 MP: 3/3
   165 | D:1      | Reached XP level 2. HP: 24/26 MP: 5/5
   383 | D:1      | Found a faded altar of an unknown god.
   762 | D:1      | Reached XP level 3. HP: 30/33 MP: 6/6
  1263 | D:2      | Found Tevixzuung's Antique Weapon Shop.
  1278 | D:2      | Noticed Sigmund
  1290 | D:3      | Killed from afar by an orc priest

Illustrated notes

Levels and vault maps discovered:
D:1:      ldierk_walled_garden, layout_basic,
          shapermc_ecumenical_altar_starsandcircs, glass_columns_a,
          roderic_lattice_a, hangedman_decor_points, minmay_tetromino_o4
D:2:      kennysheep_the_goblin_king, layout_rooms, basic_altar, serial_shops,
          nicolae_shop_hallway_plus, uniq_sigmund
D:3:      layout_loops_cross, nicolae_overflow_crystal_walls, chequers_garden,
          minivault_19

Skill      XL: |  1  2 |
---------------+-------+-----
Dodging        | 2 |  2.1
Fighting       | |  2.6
Axes           | |  3.5
Spellcasting   | |  2.0
Conjurations   | |  3.0

Action                   || total
-------------------------++-------
Melee: Hand axe          ||    98
 Abil: Spit Poison       ||     4
Armor: Leather armour    ||    17
Dodge: Dodged            ||    57

Table legend: (Time is in decaauts)
 A = Elapsed time spent in this place.
 B = Non-inter-level travel time spent in this place.
 C = Inter-level travel time spent in this place.
 D = Time resting spent in this place.
 E = Time spent auto-exploring this place.
 F = Levels seen in this place.
 G = Mean time per level.
                   A        B        C        D        E       F      G
               +--------+--------+--------+--------+--------+-----+--------+
         Total |   1684 |   1651 |     33 |    100 |   1251 |   3 |  561.3 |
       Dungeon |   1684 |   1651 |     33 |    100 |   1251 |   3 |  561.3 |
               +--------+--------+--------+--------+--------+-----+--------+

Top non-repeatable levels by time:
     D:1: 1463 daAuts
     D:2: 218 daAuts
     D:3: 3 daAuts
